 Dungeon Crawl Stone Soup version 0.29.1-2-gbd0b4ee654 (webtiles) character file.

Game seed: 3414682679119394162

13823 GorkyZ the Cleaver (level 12, -6/75 HPs)
             Began as a Gargoyle Gladiator on Dec 1, 2022.
             Was an Initiate of Gozag.
             Mangled by an orc warlord
             ... wielding a +0 great sword
              (11 damage)
             ... on level 1 of the Orcish Mines.
             The game lasted 00:36:34 (13552 turns).

GorkyZ the Cleaver (Gargoyle Gladiator)            Turns: 13552, Time: 00:36:35

Health: -6/75      AC: 22    Str: 23    XL:     12   Next: 10%
Magic:  12/12      EV: 12    Int:  9    God:    Gozag
Gold:   536        SH: 14    Dex: 21    Spells: 11/11 levels left

rFire   . . .      SeeInvis .   a - +1 war axe (drain)
rCold   . . .      Faith    .   g - +2 tower shield
rNeg    + . .      Spirit   .   S - +0 acid dragon scales
rPois   ∞          Reflect  .   c - +0 helmet
rElec   +          Harm     .   r - +0 cloak
rCorr   +          Rampage  .   h - +0 pair of gloves
Will    .....                   t - +0 pair of boots
Stlth   +.........              X - amulet "Jaubad" {*Corrode Regen+ Dex+4 Slay+2}
HPRegen 1.02/turn               i - +4 ring of slaying
MPRegen 0.13/turn               y - +6 ring of dexterity

@: no status effects
A: sickness immunity, AC +8, negative energy resistance 1, electricity
resistance, torment resistance 1, petrification resistance
a: Renounce Religion, Potion Petition, Call Merchant, Bribe Branch


You were on level 1 of the Orcish Mines.
You worshipped Gozag.
Gozag was pleased with you.
You visited 3 branches of the dungeon, and saw 13 of its levels.

You collected 1315 gold pieces.
You spent 612 gold pieces at shops.
You paid 167 gold pieces to Gozag.

Inventory:

Hand Weapons
 a - a +1 war axe of draining (weapon)
 x - a +0 vorpal war axe
 Y - a +5 spear
Missiles
 d - 6 throwing nets
 e - 5 javelins
 f - 3 boomerangs
 s - a boomerang of dispersal
 u - 38 poisoned darts (quivered)
 N - a curare-tipped dart
 V - 3 atropa-tipped darts
Armour
 b - a +0 leather armour
 c - a +0 helmet (worn)
 g - a +2 tower shield (worn)
 h - a +0 pair of gloves (worn)
 j - a +0 chain mail
 r - a +0 cloak (worn)
 t - a +0 pair of boots (worn)
 E - the +1 scale mail of the Other World {rN+}
   (You found it on level 8 of the Dungeon)

   rN:        It protects you from negative energy.
 M - +0 steam dragon scales
 S - +0 acid dragon scales (worn)
Jewellery
 i - a +4 ring of slaying (left hand)
 v - the ring of Woasta {rF- rCorr Dex+6 SInv}
   (You found it on level 11 of the Dungeon)

   [ring of see invisible]

   Dex:       It affects your dexterity (+6).
   rF:        It makes you vulnerable to fire.
   SInv:      It lets you see invisible.
   rCorr:     It protects you from acid and corrosion.
 y - a +6 ring of dexterity (right hand)
 B - a ring of magical power
 H - a ring of protection from cold
 P - a ring of magical power
 R - a +6 ring of dexterity
 X - the amulet "Jaubad" (around neck) {*Corrode Regen+ Dex+4 Slay+2}
   (You acquired it on level 10 of the Dungeon)

   [amulet of regeneration]

   Dex:       It affects your dexterity (+4).
   Slay:      It affects your accuracy & damage with ranged weapons and melee
   (+2).
   Regen:     It increases your rate of health regeneration.
   *Corrode:  It may corrode you when you take damage.
Wands
 C - a wand of flame (83)
 G - a wand of iceblast (14)
 Q - a wand of charming (19)
Scrolls
 o - 10 scrolls of teleportation
 p - 3 scrolls of magic mapping
 q - 5 scrolls of identify
 z - a scroll of poison
 J - 2 scrolls of fear
 K - a scroll of butterflies
 L - 2 scrolls of silence
 T - a scroll of blinking
Potions
 k - 3 potions of flight
 l - 5 potions of brilliance
 m - 7 potions of curing
 n - 2 potions of degeneration
 w - 2 potions of might
 A - 5 potions of lignification
 D - 2 potions of mutation
 F - 2 potions of attraction
 I - 4 potions of ambrosia


   Skills:
 + Level 8.6 Fighting
 * Level 9.7 Axes
 + Level 7.1 Throwing
 + Level 8.1 Armour
 + Level 6.8 Dodging
 + Level 6.1 Evocations


You had 11 spell levels left.
You didn't know any spells.
Your spell library contained the following spells:

 Spells                   Type           Power      Damage    Failure   Level
 Necrotise                Necr           0%         1d4       100%        1
 Slow                     Hex            0%         N/A       100%        1
 Ensorcelled Hibernation  Hex/Ice        0%         N/A       100%        2
 Confusing Touch          Hex            0%         N/A       100%        3
 Ozocubu's Armour         Ice            0%         N/A       100%        3
 Spider Form              Tmut/Pois      0%         N/A       100%        3
 Vampiric Draining        Necr           0%         2d6       100%        3
 Anguish                  Hex/Necr       0%         N/A       100%        4
 Summon Lightning Spire   Summ/Air       0%         N/A       100%        4
 Agony                    Necr           0%         N/A       100%        5
 Summon Forest            Summ/Tloc      0%         N/A       100%        5
 Summon Mana Viper        Hex/Summ       0%         N/A       100%        5
 Summon Cactus Giant      Summ           0%         N/A       100%        6
 Ozocubu's Refrigeration  Ice            0%         4d7       100%        7
 Storm Form               Tmut/Air       0%         N/A       100%        7
 Maxwell's Capacitive Co  Air            0%         ∞         100%        8


Dungeon Overview and Level Annotations

Branches:
Dungeon (11/15)            Temple (1/1) D:4            Lair (0/5) D:11
    Orc (1/2) D:10

Altars:
Ashenzari
Cheibriados
Dithmenos
Elyvilon
Fedhas
Gozag
Hepliaklqana
Kikubaaqudgha
Makhleb
Nemelex Xobeh
Okawaru
Qazlal
Ru
Sif Muna
Trog
Uskayaw
Vehumet
Wu Jian
Xom
Yredelemnul
Zin
The Shining One

Shops:
D:9 *   D:10 ?


Innate Abilities, Weirdness & Mutations

You are immune to sickness and miasma.
Your stone body is resilient. (AC +8)
You are immune to poison.
You resist negative energy. (rN+)
You are resistant to electric shocks. (rElec)
You are resistant to unholy torment.
You are immune to petrification.


Message History

The orc warrior completely misses you.
The orc warlord roars a battlecry!
The orc warlord hits you with a +0 great sword!!
The orc is distracted by your dazzling golden aura.
You block the orc warrior's attack.
The orc shouts!
You slash the orc warlord! You drain the orc warlord.
The orc warlord is severely wounded.
You closely miss the orc warrior.
The orc no longer looks unusually strong.
The orc warrior hits you with a +0 hand axe!
* * * LOW HITPOINT WARNING * * *
The orc warlord roars a battlecry!
The orc goes into a battle-frenzy!
You feel better.
The orc is no longer distracted by gold.
The orc warrior hits you with a +0 hand axe.
The orc warlord hits you with a +0 great sword!
* * * LOW HITPOINT WARNING * * *
You slash the orc warlord!
The orc warlord is almost dead.
You hit the orc warrior.
The orc warrior no longer looks unusually strong.
You block the orc warrior's attack.
The orc warlord roars a battlecry!
The orc warrior goes into a battle-frenzy!
The orc warlord hits you with a +0 great sword!
* * * LOW HITPOINT WARNING * * *
The orc warrior hits you with a +0 hand axe.
* * * LOW HITPOINT WARNING * * *
The air fills with toxic fumes!
As you read the scroll of poison, it crumbles to dust.
You block the orc warrior's attack.
The orc warlord hits you but does no damage.
You block the orc warrior's attack.
The orc warrior hits you with a +0 hand axe.
* * * LOW HITPOINT WARNING * * *
The orc warlord hits you with a +0 great sword!
You die...
Your body crumbles into a pile of gold.

# ## ### #
....##.###§##§##
........#@o§§§§#
#...##..##o##§##
#...#....#o#.##
#.......oo...# ###
##..#.....§§§##
##.#####....#.#.#§§§#
#....#..#......#.§§##
#.........o......§§#
.....#....o.......#....


You could see an orc warlord (drained) and 3 orc warriors.

Vanquished Creatures
  A boulder beetle (D:10)
  4 two-headed ogres
  3 ugly things
  3 trolls
  A vampire (D:11)
  3 shadows
  2 wraiths (D:11)
  3 wyverns
  5 yaks (D:10)
  Grum (D:8)
  6 steam dragons
  2 acid dragons
  3 water moccasins
  Duvessa (D:5)
  8 orc warriors
  A black bear (D:6)
  4 ice beasts
  6 sky beasts
  3 ogres
  6 centaurs
  3 wolves (D:8)
  3 phantoms
  Blork the orc (D:3)
  2 kobold brigands
  5 bullfrogs
  A necrophage (D:7)
  A scorpion (D:5)
  8 wights
  Dowan (D:5)
  13 killer bees
  3 electric eels
  4 howler monkeys
  A hound (D:3)
  A jelly (D:7)
  3 orc priests
  8 orc wizards
  2 iguanas
  11 gnolls
  3 adders
  An ufetubus (D:5)
  A worm (D:2)
  7 dart slugs
  25 orcs
  3 ball pythons
  6 endoplasms
  3 giant cockroaches
  10 goblins
  8 hobgoblins
  3 quokkas
  4 bats
  3 frilled lizards
  10 kobolds
  3 rats
227 creatures vanquished.

Vanquished Creatures (others)
  A human (D:10)
  47 plants
48 creatures vanquished.

Grand Total: 275 creatures vanquished

Notes
Turn   | Place    | Note
-------+----------+-------------------------------------------
     0 | D:1      | GorkyZ the Gargoyle Gladiator began the quest for the Orb.
     0 | D:1      | Reached XP level 1. HP: 12/12 MP: 1/1
   187 | D:1      | Reached XP level 2. HP: 18/18 MP: 2/2
   430 | D:1      | Reached skill level 1 in Armour
   461 | D:1      | Reached XP level 3. HP: 22/22 MP: 3/3
   606 | D:1      | Reached skill level 3 in Axes
   819 | D:1      | Found a faded altar of an unknown god.
  1741 | D:3      | Reached XP level 4. HP: 27/27 MP: 4/4
  1770 | D:3      | Found a basalt altar of Yredelemnul.
  2218 | D:3      | Found a stormy altar of Qazlal.
  2451 | D:3      | Reached XP level 5. HP: 32/32 MP: 5/5
  2474 | D:4      | Noticed Blork the orc
  2503 | D:3      | Killed Blork the orc
  2777 | D:4      | Found a staircase to the Ecumenical Temple.
  2785 | Temple   | Entered the Ecumenical Temple
  3017 | D:4      | Reached XP level 6. HP: 23/37 MP: 6/6
  4352 | D:5      | Entered Level 5 of the Dungeon
  4569 | D:5      | Noticed Duvessa
  4581 | D:5      | Killed Duvessa
  4582 | D:5      | Reached skill level 4 in Axes
  4582 | D:5      | Reached XP level 7. HP: 37/43 MP: 7/7
  4916 | D:5      | Found a bloodstained altar of Trog.
  4919 | D:5      | Noticed Dowan
  4933 | D:5      | Killed Dowan
  4934 | D:5      | Reached skill level 1 in Evocations
  5021 | D:5      | Found a shimmering blue altar of Sif Muna.
  5551 | D:6      | Reached XP level 8. HP: 29/48 MP: 8/8
  5941 | D:6      | Found a hazy altar of Hepliaklqana.
  6034 | D:6      | Reached skill level 5 in Fighting
  6034 | D:6      | Reached skill level 5 in Axes
  6069 | D:6      | Found a glowing silver altar of Zin.
  6751 | D:7      | Reached XP level 9. HP: 54/54 MP: 9/9
  6828 | D:7      | Noticed a purple ugly thing
  6841 | D:7      | Killed a purple ugly thing
  6842 | D:7      | Reached skill level 6 in Axes
  6842 | D:7      | Reached skill level 5 in Armour
  7000 | D:7      | Reached skill level 5 in Throwing
  7013 | D:7      | Noticed a troll
  7020 | D:7      | Killed a troll
  7021 | D:7      | Reached skill level 5 in Dodging
  7127 | D:7      | Reached skill level 7 in Axes
  7127 | D:7      | Reached XP level 10. HP: 39/61 MP: 10/10
  8630 | D:8      | Noticed Grum
  8642 | D:8      | Killed Grum
  8879 | D:8      | Identified the +1 scale mail of the Other World {rN+}
  9272 | D:8      | Found a hide-covered altar of Uskayaw.
  9327 | D:8      | Reached skill level 8 in Axes
  9427 | D:8      | Found an opulent altar of Gozag.
  9435 | D:8      | Became a worshipper of Gozag Ym Sagoz the Greedy
  9539 | D:8      | Noticed a two-headed ogre
  9546 | D:8      | Killed a two-headed ogre
  9870 | D:8      | Found a sacrificial altar of Ru.
 10044 | D:8      | Reached skill level 5 in Evocations
 10065 | D:8      | Reached XP level 11. HP: 64/67 MP: 11/11
 10262 | D:9      | Noticed a two-headed ogre
 10270 | D:9      | Killed a two-headed ogre
 11049 | D:9      | Found Ecoeshab's General Store.
 11168 | D:9      | Bought 3 atropa-tipped darts for 21 gold pieces
 11168 | D:9      | Bought 4 poisoned darts for 19 gold pieces
 11521 | D:9      | Found a glowing golden altar of the Shining One.
 11621 | D:10     | Entered Level 10 of the Dungeon
 11652 | D:10     | Found a shimmering altar of Xom.
 11720 | D:10     | Found a staircase to the Orcish Mines.
 11890 | D:10     | Found an ancient bone altar of Kikubaaqudgha.
 11912 | D:10     | Found a shadowy altar of Dithmenos.
 12015 | D:10     | Found a snail-covered altar of Cheibriados.
 12092 | D:10     | Reached skill level 9 in Axes
 12145 | D:10     | Found Ocwuusyn's Magic Scroll Shop.
 12149 | D:10     | Bought a scroll of acquirement for 572 gold pieces
 12149 | D:10     | Acquired the amulet "Jaubad" {*Corrode Regen+ Dex+4 Slay+2}
 12265 | D:10     | Noticed a red ugly thing
 12273 | D:10     | Killed a red ugly thing
 12686 | D:11     | Noticed a red ugly thing
 12686 | D:11     | Noticed a two-headed ogre
 12686 | D:11     | Noticed a boulder beetle
 12692 | D:10     | Killed a two-headed ogre
 12724 | D:10     | Killed a boulder beetle
 12725 | D:10     | Killed a red ugly thing
 12970 | D:11     | Identified the ring of Woasta {rF- rCorr Dex+6 SInv}
 13032 | D:11     | Noticed a two-headed ogre
 13040 | D:11     | Killed a two-headed ogre
 13041 | D:11     | Reached XP level 12. HP: 64/75 MP: 12/12
 13261 | D:11     | Found a staircase to the Lair.
 13448 | Orc:1    | Entered Level 1 of the Orcish Mines
 13510 | Orc:1    | Noticed an orc warlord
 13552 | Orc:1    | Mangled by an orc warlord

Illustrated notes

Levels and vault maps discovered:
D:1:      eino_arrival_water_cross, layout_loops_cross,
          shapermc_ecumenical_altar_acropolis, minmay_shallow_snake_nest
D:2:      layout_loops_ring
D:3:      layout_basic, old_standard_altar, nicolae_qazlal_eye_of_the_storm,
          corexii_hall_statues_t
D:4:      layout_layer_cave, minmay_temple_entry_slanted,
          hangedman_decor_peaks_small, uniq_blork_the_orc
D:5:      layout_basic, nzn_overflow_gifts_of_might_and_magic
D:6:      layout_gridville, lemuel_tele_altar, lemuel_doored_altar,
          serial_bayou, serial_bayou_ford_a, serial_bayou_pond_e,
          serial_bayou_pond_b, serial_bayou_pond_e, nrook_pool_corridor
D:7:      minmay_opposing_rooms, layout_loops_ring, chequers_big_river,
          chequers_jeans
D:8:      kennysheep_spiral_hall, layout_rooms, grunt_gozag_statues,
          mainiacjoe_overflow_alcove_4, nicolae_overflow_hidden_temple,
          minmay_fractal_squares_diagonal_5, uniq_grum
D:9:      layout_cave_pools, tso_altar, nicolae_wooded_promenade,
          serial_bayou_lagoon_a
D:10:     layout_loops_ring, mainiacjoe_overflow_brackets,
          grunt_dithmenos_smoke, lemuel_coloured_pillars_altar,
          tgw_kikubaaqudgha, orc_0_dummy, serial_shops, shop, minmay_holes,
          dreamdust_wishing_well
D:11:     layout_rooms, lair_entry_dummy, nicolae_elevator_lobby_asterisk
Temple:   nicolae_temple_colour_theory
Orc:1:    layout_caves, ebering_ghost_inner_flame, nicolae_shop_firing_range

Skill      XL: |  1  2  3  4  5  6  7  8  9 10 11 |
---------------+----------------------------------+-----
Throwing       | 2 3 4 5 6 7 |  7.1
Armour         | 1 2 3 4 5 6 8 |  8.1
Axes           | 3 4 5 7 8 9 |  9.7
Fighting       | 3 4 5 6 7 8 |  8.6
Dodging        | 3 4 5 6 |  6.8
Evocations     | 1 2 3 5 6 |  6.1

Action                   |  1- 3 |  4- 6 |  7- 9 | 10-12 || total
-------------------------+-------+-------+-------+-------++-------
Melee: War axe           |   140 |   127 |   174 |   375 ||   816
Throw: Dart              |       |       |       |    16 ||    16
  Use: Scroll            |       |    14 |     5 |    11 ||    30
       Potion            |       |     3 |       |     4 ||     7
 Stab: Sleeping          |       |       |       |     1 ||     1
       Distracted        |       |       |       |     1 ||     1
Armor: Leather armour    |    56 |       |       |       ||    56
       Chain mail        |    46 |   124 |   151 |    57 ||   378
       Scale mail        |       |       |       |    89 ||    89
       Steam dragon scal |       |       |       |     3 ||     3
       Acid dragon scale |       |       |       |   150 ||   150
Dodge: Dodged            |    43 |    27 |    50 |   167 ||   287
Block: Tower shield      |    85 |    81 |   149 |   392 ||   707
